Unix NetHack Version 5.0.0-0 post-release - last build May 31 2026 23:59:36 (970b52f25bf058293b47ddfd14a1e40e571c508c,branch:main).

Game began 2026-06-02 11:20:19, ended 2026-06-02 11:28:09.

GdeVolpiano, chaotic female human Tourist

         -------                                                ------
         |......########                                       #-....|
         |.....|       #                                       #|..<.|
         |.....|       #                                       #|....|
         |..>..|       ####---------                          ##|..._|
         |.....|         ## .......|                         ## |....|
         -.-----         #    .....                          #  |....|
          ###            #      ..B|                         #  ------
            #           ##       -d-                        ##
            #        ####         @###################      #
            #        #                          -----.-|-- ##
            ####     #                          |........|##
               #    ##                    ######-........|#
               #   ##    ##################     |......^.|#
          -----.-- #  ####                      |........|#
          |.......#####                         |........|#
          |......|                              |.`.......#
          --------                              ----------

GdeVolpiano the Sightseer   St:13 Dx:13 Co:16 In:12 Wi:8 Ch:13  Chaotic
Dlvl:3  $:823 HP:0(19) Pw:10(10) AC:10 Xp:3 T:936 

Latest messages:
 This brown mold corpse tastes okay.
 You finish eating the brown mold corpse.
 You descend the stairs.
 You climb up the stairs.
 Where do you want to travel to?
 (For instructions type a '?')
 In what direction?
 The dart misses the gecko.
 The gecko bites!
 In what direction?
 The dart hits the gecko.
 In what direction?
 You kill the gecko!
 a - 3 +2 darts (at the ready) (34 in total).
 Where do you want to travel to?
 (For instructions type a '?')
 That door is closed.
 This door is locked.
 Unlock it with your credit card? [ynq] (q)
 You succeed in picking the lock.
 The door opens.
 The sewer rat bites!
 You miss the sewer rat.
 The sewer rat bites!
 In what direction?
 You kill the sewer rat!
 The little dog bites!
 Pick a monster, object or location.
 In what direction?
 The dart misses the little dog.
 The little dog bites!
 The little dog bites!
 In what direction?
 The dart hits the little dog.
 The little dog bites!
 In what direction?
 The dart hits the little dog.
 The little dog bites!
 The little dog bites!
 In what direction?
 The dart misses the little dog.
 The little dog bites!
 In what direction?
 The dart misses the little dog.
 The little dog bites!
 You die...
 Do you want your possessions identified? [ynq] (y)
 Do you want to see your attributes? [ynq] (y)
 Do you want an account of creatures vanquished? [ynaq] (y)
 Do you want to see your conduct and achievements? [ynq] (y)

Inventory:
 Coins    ('$')
  $ - 823 gold pieces
 Weapons  (')')
  a - 28 +2 darts (at the ready)
  u - 13 +0 darts
 Comestibles  ('%')
  g - 2 uncursed figs
  e - 5 uncursed food rations
  d - an uncursed lembas wafer
  b - an uncursed tripe ration
  h - an uncursed homemade tin of lichen
  c - an uncursed tin of spinach
 Scrolls  ('?')
  q - an uncursed scroll of fire
  w - an uncursed scroll of identify
 Potions  ('!')
  i - a blessed potion of extra healing
  j - an uncursed potion of extra healing
  o - an uncursed potion of healing
  s - an uncursed potion of levitation
  r - an uncursed potion of object detection
  t - an uncursed potion of see invisible
 Rings    ('=')
  x - an uncursed ring of fire resistance (on right hand)
 Wands    ('/')
  y - a wand of undead turning (0:6)
 Tools    ('(')
  n - an uncursed credit card
  m - an expensive camera (0:81)
  v - a +0 pick-axe

GdeVolpiano the Tourist's attributes:

Background:
 You were a Sightseer, a level 3 female human Tourist.
 You were chaotic, belatedly on a mission for Offler
 who was opposed by Blind Io (lawful) and The Lady (neutral).
 You started out neutral.
 You were right-handed.
 You were in the Dungeons of Doom, on level 3.
 You entered the dungeon 936 turns ago.
 There was a full moon in effect when your adventure ended.
 You had 62 experience points, 18 more were needed to attain level 4.

Basics:
 You had 0 out of 19 hit points.
 You had all 10 energy points (spell power).
 Your armor class was 10.
 Your wallet contained 823 zorkmids.
 Autopickup was on for '$?!/="+' plus thrown, with exceptions.

Final Characteristics:
 Your strength was 13 (limit:18/100).
 Your dexterity was 13 (limit:18).
 Your constitution was 16 (limit:18).
 Your intelligence was 12 (limit:18).
 Your wisdom was 8 (limit:18).
 Your charisma was 13 (limit:18).

Final Status:
 You weren't hungry.
 You were unencumbered.
 You were bare handed.
 You were unskilled in bare handed combat.
 You weren't wearing any armor.

Final Attributes:
 You were stridently aligned.
 You were fire resistant.
 Your items were protected from fire.
 You were unlucky.
 You are dead.

Miscellaneous:
 You didn't encounter any bones levels.
 Total elapsed playing time was 7 minutes and 48 seconds.

Major events:
 Turn
    1: GdeVolpiano the neutral female human Tourist entered the dungeon
  492: attained the rank of Sightseer (level 3)
  833: entered the Gnomish Mines
  936: killed by a little dog

You didn't know any spells.

Skills:
 Fighting Skills
   bare handed combat [Unskilled]
   two weapon combat  [Unskilled]
   riding             [Unskilled]
 Weapon Skills
   dagger             [Unskilled]
   knife              [Unskilled]
   axe                [Unskilled]
   pick-axe           [Unskilled]
   short sword        [Unskilled]
   broadsword         [Unskilled]
   long sword         [Unskilled]
   two-handed sword   [Unskilled]
   saber              [Unskilled]
   mace               [Unskilled]
   morning star       [Unskilled]
   flail              [Unskilled]
   hammer             [Unskilled]
   quarterstaff       [Unskilled]
   polearms           [Unskilled]
   spear              [Unskilled]
   trident            [Unskilled]
   lance              [Unskilled]
   bow                [Unskilled]
   sling              [Unskilled]
   crossbow           [Unskilled]
   dart               [Basic]
   shuriken           [Unskilled]
   boomerang          [Unskilled]
   whip               [Unskilled]
   unicorn horn       [Unskilled]
 Spellcasting Skills
   divination spells  [Unskilled]
   enchantment spells [Unskilled]
   escape spells      [Unskilled]

Voluntary challenges:
 Character rerolling was not enabled.
 You never hit with a wielded weapon.
 You never genocided any monsters.
 You never polymorphed an object.
 You never changed form.
 You used no wishes.
Achievements:
 You attained the rank of Sightseer.
 You entered the Gnomish Mines.

 The Dungeons of Doom: levels 1 to 3
    Level 1:
       An altar to Offler, a fountain.
    Level 2:
       Some fountains.
    Level 3: <- You were here.
       An altar to Offler.
       Stairs down to The Gnomish Mines.
       Final resting place for
          you, killed by a little dog.
 The Gnomish Mines:
    Level 4:


Vanquished creatures:
 an acid blob
  a giant rat
  a brown mold
  a gecko
  a jackal
  3 foxes
  a kobold
  a goblin
  a sewer rat
  2 grid bugs
  2 lichens
  a kobold zombie
  4 newts
20 creatures vanquished.

No species were genocided or became extinct.

Game over:
                       ----------
                      /          \
                     /    REST    \
                    /      IN      \
                   /     PEACE      \
                  /                  \
                  |   GdeVolpiano    |
                  |      823 Au      |
                  |   killed by a    |
                  |    little dog    |
                  |                  |
                  |                  |
                  |       2026       |
                 *|     *  *  *      | *
        _________)/\\_//(\/(/\)/\//\/|_)_______

Aloha GdeVolpiano the Tourist...

You died in The Dungeons of Doom on dungeon level 3 with 439 points,
and 823 pieces of gold, after 936 moves.
You were level 3 with a maximum of 19 hit points when you died.

